 Dungeon Crawl Stone Soup version 0.27-a0-1200-g94dc6ad4cf (webtiles) character file.

Game seed: 1703101409349698745

74 bilbop the Covered (level 4, -3/40 HPs)
             Began as a Minotaur Fighter on June 2, 2021.
             Slain by a lemure (5 damage)
             ... led by Pikel
             ... on level 5 of the Dungeon.
             The game lasted 00:05:38 (1341 turns).

bilbop the Covered (Minotaur Fighter)               Turns: 1341, Time: 00:05:39

Health: -3/40      AC: 12    Str: 21    XL:     4   Next: 10%
Magic:  3/3        EV:  5    Int:  5    God:
Gold:   111        SH:  9    Dex: 10    Spells: 3/3 levels left

rFire    . . .     SeeInvis .   a - +0 flail
rCold    . . .     Faith    .   c - +0 kite shield
rNeg     . . .     Spirit   .   p - +0 chain mail
rPois    .         Reflect  .   (helmet restricted)
rElec    .         Harm     .   n - +2 cloak
rCorr    .         Rampage  .   (no gloves)
Will     .....                  (no boots)
Stlth    ..........             (no amulet)
HPRegen  0.13/turn              (no ring)
MPRegen  0.08/turn              (no ring)

@: no status effects
A: horns 2, retaliatory headbutt
a: no special abilities


You were on level 5 of the Dungeon.
You visited 1 branch of the dungeon, and saw 4 of its levels.

You collected 111 gold pieces.

Inventory:

Hand Weapons
 a - a +0 flail (weapon)
 b - a +0 hunting sling
Missiles
 h - 52 stones (quivered)
Armour
 c - a +0 kite shield (worn)
 g - a +0 scale mail
 n - a +2 cloak (worn)
 p - a +0 chain mail (worn)
Scrolls
 j - 2 scrolls of identify {unknown}
 k - 2 scrolls of amnesia {unknown}
 o - a scroll of noise {unknown}
 q - a scroll of vulnerability {unknown}
Potions
 d - a potion of might
 e - a potion of lignification {unknown}
 f - 2 potions of heal wounds {unknown}
 i - a potion of flight {unknown}
 l - 2 potions of haste {unknown}
 m - a potion of curing {unknown}


   Skills:
 + Level 4.2 Fighting
 * Level 3.8 Maces & Flails
 + Level 4.2 Armour
 + Level 4.2 Shields


You had 3 spell levels left.
You didn't know any spells.
Your spell library was empty.

Dungeon Overview and Level Annotations

Branches:
Dungeon (5/15)
 Temple: D:4-7

Altars:

Annotations:
D:4 Pikel


Innate Abilities, Weirdness & Mutations

You have a pair of horns on your head.
You reflexively headbutt those who attack you in melee.


Message History

The lemure hits you. x2; The lemure hits you but does no damage.
You sock the lemure! Your headbutt misses the lemure.
The lemure is heavily wounded.
You block the lemure's attack. x3
You barely miss the lemure. You headbutt the lemure.
The lemure is severely wounded.
You block the lemure's attack. The lemure hits you but does no damage.
The lemure hits you!
You hit the lemure.
The lemure is severely wounded.
The lemure hits you!
* * * LOW HITPOINT WARNING * * *
You block the lemure's attack. x2
You completely miss the lemure.
The lemure is severely wounded.
You block the lemure's attack. The lemure hits you.
* * * LOW HITPOINT WARNING * * *
You sock the lemure!
You kill the lemure!
That felt strangely unrewarding.
The lemure hits you but does no damage.
You see here 10 gold pieces.
A sky beast comes into view.
You are too injured to fight recklessly!
You are too injured to fight recklessly!
You are too injured to fight recklessly!
You are too injured to fight recklessly!
The lemure hits you.
* * * LOW HITPOINT WARNING * * *
The sky beast flickers out of sight!
Deactivating autopickup; reactivate with Ctrl-A.
You hit the lemure but do no damage.
A sky beast appears from thin air!
Reactivating autopickup.
The lemure barely misses you.
You hit the lemure but do no damage. The lemure hits you.
* * * LOW HITPOINT WARNING * * *
The lemure hits you but does no damage. You block the lemure's attack.
You thump the lemure! Your headbutt misses the lemure.
The lemure is moderately wounded.
The lemure hits you.
You die...

##################
..........$...l5@#
################5#
#Y.# ##.# .. #.#
.. #.# ..


You could see a sky beast, 2 lemures and an iguana.

Vanquished Creatures
  A lemure (D:5)
  Terence (D:2)
  An adder (D:2)
  3 dart slugs (D:1)
  A worm (D:2)
  A ball python (D:1)
  4 giant cockroaches
  2 goblins (D:1)
  2 hobgoblins (D:2)
  6 jackals
  2 quokkas (D:1)
  2 bats
  2 frilled lizards
  4 rats
32 creatures vanquished.

Notes
Turn   | Place    | Note
-------+----------+-------------------------------------------
     0 | D:1      | bilbop the Minotaur Fighter began the quest for the Orb.
     0 | D:1      | Reached XP level 1. HP: 19/19 MP: 0/0
   424 | D:1      | Reached XP level 2. HP: 27/27 MP: 1/1
   687 | D:1      | Found a faded altar of an unknown god.
   953 | D:2      | Noticed Terence
   963 | D:2      | Killed Terence
   964 | D:2      | Reached XP level 3. HP: 29/33 MP: 2/2
  1182 | D:2      | Reached XP level 4. HP: 36/40 MP: 3/3
  1312 | D:2      | You fall into a shaft and drop 2 floors!
  1312 | D:4      | Noticed Pikel
  1312 | D:4      | Noticed a lemure
  1312 | D:4      | Noticed a lemure
  1312 | D:4      | Noticed a lemure
  1313 | D:4      | Noticed a lemure
  1317 | D:5      | Entered Level 5 of the Dungeon
  1326 | D:5      | Killed a lemure
  1336 | D:5      | Noticed a sky beast
  1340 | D:5      | HP: 2/40 [lemure[Pikel] (2)]
  1341 | D:5      | Slain by a lemure

Illustrated notes

Levels and vault maps discovered:
D:1:      minmay_arrival_semitransparent, layout_basic,
          hellmonk_ecumenical_altar_zigzags, minmay_box_of_dots
D:2:      layout_loops_ring, uniq_terence
D:4:      layout_cave_pools, kennysheep_okawaru_gauntlet,
          amethyst_overflow_temple_binary, minmay_temple_entry_butterflies,
          uniq_pikel
D:5:      layout_basic, nicolae_ru_the_path_less_chosen, uniq_edmund,
          uniq_duvessa

Skill      XL: |  1  2 |
---------------+-------+-----
Maces & Flails | 3 |  3.8
Fighting       | 4 |  4.2
Armour         | 4 |  4.2
Shields        | 4 |  4.2

Action                   |  1- 3 |  4- 6 || total
-------------------------+-------+-------++-------
Melee: Flail             |    67 |    20 ||    87
       Headbutt          |     9 |     5 ||    14
Armor: Scale mail        |    31 |       ||    31
       Chain mail        |     7 |    16 ||    23
Dodge: Dodged            |    21 |     2 ||    23
Block: Kite shield       |    44 |    17 ||    61

Table legend: (Time is in decaauts)
 A = Elapsed time spent in this place.
 B = Non-inter-level travel time spent in this place.
 C = Inter-level travel time spent in this place.
 D = Time resting spent in this place.
 E = Time spent auto-exploring this place.
 F = Levels seen in this place.
 G = Mean time per level.
                   A        B        C        D        E       F      G
               +--------+--------+--------+--------+--------+-----+--------+
         Total |   1379 |   1357 |     22 |    180 |    937 |   4 |  344.8 |
       Dungeon |   1379 |   1357 |     22 |    180 |    937 |   4 |  344.8 |
               +--------+--------+--------+--------+--------+-----+--------+

Top non-repeatable levels by time:
     D:1: 941 daAuts
     D:2: 404 daAuts
     D:5: 28 daAuts
     D:4: 4 daAuts
